 Dungeon Crawl Stone Soup version 0.29-a0-997-gf6f7e2dfe7 (webtiles) character file.

Game seed: 2792639735289856672

17112 zishaf the Thaumaturge (level 12, -16/91 HPs)
             Began as a Djinni Venom Mage on Aug 4, 2022.
             Was a High Priest of Dithmenos.
             Demolished by a very large slime creature (51 damage)
             ... on level 11 of the Dungeon.
             The game lasted 00:31:29 (16428 turns).

zishaf the Thaumaturge (Djinni Venom Mage)         Turns: 16428, Time: 00:31:29

Health: -16/91     AC: 18    Str:  7    XL:     12   Next: 78%
Gold:   1045       EV: 10    Int: 22    God:    Dithmenos [*****.] SH:  3 Dex: 14

rFire   + + +      SeeInvis .   a - +3 Elemental Staff {rElec rF++ rC++ AC+5}
rCold   + + .      Faith    .   L - +0 buckler
rNeg    . . .      Spirit   .   t - +0 acid dragon scales
rPois   ∞          Reflect  .   (helmet restricted)
rElec   +          Harm     .   v - +2 cloak
rCorr   +          Rampage  .   q - +1 pair of gloves
Will    +++..                   (boots unavailable)
Stlth   ++........              (no amulet)
HPRegen 0.25/turn               c - ring of ice
MPRegen 0.00/turn               j - ring of willpower

@: wereblooded, flying, wreathed by umbra
A: sickness immunity, fire resistance 2, cold vulnerability 1, float, innate
caster, HP casting, extra vitality 1, antennae 1, iridescent scales 1,
strong-willed 1, wild magic 1
a: Renounce Religion, Shadow Step, Shadow Form


You were on level 11 of the Dungeon.
You worshipped Dithmenos.
Dithmenos was extremely pleased with you.
You visited 2 branches of the dungeon, and saw 15 of its levels.
You also visited: Sewer.

You collected 1150 gold pieces.
You spent 105 gold pieces at shops.

Inventory:

Hand Weapons
 a - the +3 Elemental Staff (weapon) {rElec rF++ rC++ AC+5}
   (You acquired it on level 5 of the Dungeon)

   If the wielder is skilled in Evocations, they can discharge powerful blasts
   of elemental energy when striking with it.
   It enhances your fire, ice, earth and air magic.
   AC:        It affects your AC (+5).
   rF:        It greatly protects you from fire.
   rC:        It greatly protects you from cold.
   rElec:     It insulates you from electricity.
 b - a +0 short sword
 l - a +3 vampiric dagger
 x - a +4 spectral hammer
Armour
 m - a +2 leather armour of poison resistance
 q - a +1 pair of gloves (worn)
 t - +0 acid dragon scales (worn)
 v - a +2 cloak (worn)
 J - a +0 helmet
 L - a +0 buckler (worn)
 M - a +2 ring mail of fire resistance
Magical Staves
 w - a staff of poison
Jewellery
 c - a ring of ice (left hand)
 j - a ring of willpower (right hand)
 u - the ring of Loemexzu {rC- rN+ Dex+4}
   (You found it on level 4 of the Dungeon)

   [ring of positive energy]

   Dex:       It affects your dexterity (+4).
   rC:        It makes you vulnerable to cold.
   rN:        It protects you from negative energy.
 A - a ring of willpower
 K - a ring of resist corrosion
Wands
 k - a wand of digging (5)
 y - a wand of flame (21)
 B - a wand of polymorph (6)
 F - a wand of iceblast (2)
Scrolls
 d - 9 scrolls of teleportation
 i - 5 scrolls of fog
 C - a scroll of magic mapping
 E - a scroll of blinking
 G - a scroll of enchant weapon
Potions
 e - 3 potions of heal wounds
 f - 3 potions of mutation
 g - 6 potions of curing
 h - 4 potions of lignification
 n - 3 potions of attraction
 o - 2 potions of brilliance
 p - a potion of might
 r - a potion of magic {unknown}
 s - 2 potions of cancellation
 z - 2 potions of ambrosia {unknown}
 D - a potion of degeneration {unknown}
 I - a potion of haste {unknown}
Miscellaneous
 H - a box of beasts


   Skills:
 + Level 9.9 Fighting
 + Level 7.8 Staves
 - Level 2.1 Dodging
 - Level 1.5 Stealth
 + Level 0.1 Shields
 + Level 11.1 Spellcasting
 + Level 6.2 Evocations


You had 11 spell levels left.
You knew the following spells:

 Your Spells              Type           Power      Damage    Failure   Level
a - Sting                 Tmut/Pois      100%       1d8       1%          1
b - Poisonous Vapours     Pois/Air       100%       N/A       1%          2
c - Necrotise             Necr           100%       1d9       1%          1
d - Blink                 Tloc           100%       N/A       1%          2
e - Inner Flame           Hex/Fire       88%        N/A       1%          3
f - Cause Fear            Hex            34%        N/A       2%          4
z - Mephitic Cloud        Conj/Pois/Air  88%        N/A       1%          3
A - Olgreb's Toxic Radia  Pois           68%        N/A       2%          4
B - Wereblood             Tmut           68%        N/A       1%          2
Your spell library was empty.

Dungeon Overview and Level Annotations

Branches:
Dungeon (14/15)            Temple (1/1) D:6            Lair (0/5) D:10
    Orc (0/2) D:10          Sewer (visited)
 Vaults: D:13-14

Altars:
Ashenzari
Cheibriados
Dithmenos
Elyvilon
Hepliaklqana
Makhleb
Nemelex Xobeh
Okawaru
Qazlal
Ru
Trog
Wu Jian
Xom
Zin

Shops:
D:2 (   D:10 ?


Innate Abilities, Weirdness & Mutations

You are immune to sickness and miasma.
You are immune to poison.
Your flesh is very heat resistant. (rF++)
You are vulnerable to cold. (rC-)
You float through the air rather than walking.
You learn spells naturally, not from books.
Your magical power is your life essence.
You have superior vitality. (+4 MHP)
You have a pair of small antennae on your head.
You are partially covered in iridescent scales. (AC +2)
You are strong-willed. (Will+)
Your spells are a little harder to cast, but a little more powerful.


Message History

You see here 8 stones.
You now have 1028 gold pieces (gained 18).
You now have 1045 gold pieces (gained 17). 3 slime creatures come into view.
A slime creature comes into view.
The slime creature moves out of view.
There are monsters nearby!
A slime creature comes into view.
The slime creature quivers.
A slime creature comes into view.
Found a copper wand.
Casting: Inner Flame (safe; 1% risk of failure)
Confirm with . or Enter, or press ? or * to list all spells.
You can't see any susceptible monsters within range! (Use Z to cast anyway.)
Casting: Inner Flame (safe; 1% risk of failure)
Confirm with . or Enter, or press ? or * to list all spells.
Okay, then.
Casting: Inner Flame (safe; 1% risk of failure)
Confirm with . or Enter, or press ? or * to list all spells.
Your blood is infused with primal strength.
The slime creature quivers. x5
Casting: Wereblood (safe; 1% risk of failure)
Confirm with . or Enter, or press ? or * to list all spells.
Casting: Cause Fear (dangerous; 2% risk of failure)
Press: ? - help, Dir - look around, f - activate The slime creature easily resists.
The slime creature resists with some effort.
The slime creature looks frightened!
The slime creature resists with almost no effort.
The slime creature resists with some effort.
Two slime creatures merge to form a large slime creature.
Two slime creatures merge to form a very large slime creature.
The very large slime creature attacks as you move away!
The very large slime creature hits you!!
Two slime creatures merge to form a large slime creature.
The very large slime creature attacks as you move away!
The very large slime creature hits you!!
The very large slime creature attacks as you move away!
The very large slime creature hits you!!!
Ouch! That really hurt!
You die...

.................................
................................
.#####.......####.#.#.##########
...# #......###......##
##.######.######..#.## #.#.. ....
..#.#### #.#.####.####.#.# #.#.#
......#.#.# #.#.#.##.##.#.#@#
#.#.#.#^..#.#.#J#
#.÷....._.J.....#
###.#.#..J#.#.### #.#.##.##.#.#
#.#.......#.# #.####.####.#
#...........# ######.######


You could see a very large slime creature.

Vanquished Creatures
  A boulder beetle (D:12)
  A boulder beetle (shapeshifter) (D:12)
  Erica (D:10)
  4 two-headed ogres
  Urug (D:12)
  A deep elf knight (D:12)
  Lodul (D:10)
  Pikel (D:7)
  A deep elf pyromancer (D:12)
  An ugly thing (D:11)
  2 gargoyles (D:10)
  Maggie (D:6)
  A tengu conjurer (D:12)
  2 komodo dragons
  5 trolls
  2 shadows (D:10)
  A wyvern (D:9)
  2 wraiths
  4 yaks (D:9)
  2 basilisks
  A vampire (D:11)
  A warg (shapeshifter) (D:12)
  2 vampire mosquitoes (D:11)
  Edmund (D:5)
  2 acid dragons
  5 orc warriors
  3 ice beasts
  A sky beast (D:8)
  4 black bears
  7 ogres (D:10)
  2 phantoms
  7 centaurs
  A lemure (D:7)
  2 kobold brigands
  4 necrophages
  3 bullfrogs
  2 gnoll sergeants (D:9)
  A scorpion (D:7)
  4 wights (D:8)
  3 killer bees (D:8)
  6 howler monkeys
  6 jellies
  5 orc priests
  3 hounds
  Crazy Yiuf (D:4)
  5 iguanas
  A merfolk avatar (Sewer)
  A merfolk siren (Sewer)
  10 orc wizards
  A mummy (D:6)
  10 gnolls
  4 adders
  6 river rats
  A shadow imp (D:7)
  A white imp (D:7)
  An ufetubus (D:5)
  5 worms (D:5)
  4 dart slugs
  44 orcs
  5 endoplasms
  6 giant cockroaches
  6 hobgoblins
  4 jackals (D:3)
  6 quokkas
  5 ball pythons
  7 bats
  8 frilled lizards
  9 goblins
  13 kobolds
  2 kobold zombies (D:6)
  2 orc zombies (D:6)
  26 rats
305 creatures vanquished.

Vanquished Creatures (collateral kills)
  An adder (D:5)
  An orc (D:3)
  A ball python (D:3)
3 creatures vanquished.

Grand Total: 308 creatures vanquished

Notes
Turn   | Place    | Note
-------+----------+-------------------------------------------
     0 | D:1      | zishaf the Djinni Venom Mage began the quest for the Orb.
     0 | D:1      | zishaf set off with the following spells memorised: Sting,
                  | Poisonous Vapours, Mephitic Cloud, Olgreb's Toxic Radiance.
     0 | D:1      | Reached XP level 1. HP: 15/15 MP: 0/0
   497 | D:1      | Reached XP level 2. HP: 19/22 MP: 0/0
   849 | D:1      | Reached skill level 1 in Fighting
  1049 | D:1      | Reached XP level 3. HP: 24/27 MP: 0/0
  1049 | D:1      | Learned a level 1 spell: Necrotise
  1102 | D:1      | Reached skill level 3 in Spellcasting
  1992 | D:2      | Found Ateescha's Weapon Boutique.
  2504 | D:3      | Reached XP level 4. HP: 25/33 MP: 0/0
  2823 | D:3      | Found a faded altar of an unknown god.
  3052 | D:3      | Reached XP level 5. HP: 33/38 MP: 0/0
  3052 | D:3      | Learned a level 2 spell: Wereblood
  3186 | D:4      | Noticed a black bear
  3787 | D:4      | Found an ornate altar of the Wu Jian Council.
  3901 | D:4      | Reached skill level 4 in Spellcasting
  4007 | D:4      | Killed a black bear
  4008 | D:4      | Reached XP level 6. HP: 46/46 MP: 0/0
  4142 | D:4      | Reached XP level 7. HP: 13/50 MP: 0/0
  4142 | D:4      | Learned a level 2 spell: Blink
  4837 | D:4      | Found a runed translucent door.
  4838 | D:4      | Noticed Crazy Yiuf
  4925 | D:4      | Found a sacrificial altar of Ru.
  4925 | D:4      | Found a shadowy altar of Dithmenos.
  4928 | D:4      | Identified the ring of Loemexzu {rC- rN+ Dex+4}
  4933 | D:4      | Became a worshipper of Dithmenos the Shadowed
  5004 | D:4      | Reached skill level 5 in Spellcasting
  5362 | D:4      | Killed Crazy Yiuf
  5479 | D:5      | Entered Level 5 of the Dungeon
  5485 | D:5      | Identified a scroll of acquirement
  5485 | D:5      | Acquired the +3 Elemental Staff {rElec rF++ rC++ AC+5}
  5485 | D:5      | Found the +3 Elemental Staff {rElec rF++ rC++ AC+5}
  5600 | D:5      | Reached skill level 1 in Evocations
  5777 | D:5      | Reached XP level 8. HP: 41/58 MP: 0/0
  5849 | D:5      | Found a glowing drain.
  5864 | Sewer    | Entered a sewer
  6044 | Sewer    | Reached * piety under Dithmenos
  6158 | Sewer    | Reached skill level 6 in Spellcasting
  6556 | D:5      | Reached ** piety under Dithmenos
  6614 | D:5      | Reached skill level 5 in Fighting
  6614 | D:5      | Reached skill level 1 in Staves
  7010 | D:5      | Noticed Edmund
  7023 | D:5      | Killed Edmund
  7329 | D:6      | Gained mutation: You are strong-willed. (Will+) [potion of
                  | mutation]
  7329 | D:6      | Gained mutation: Your spells are a little harder to cast,
                  | but a little more powerful. [potion of mutation]
  7329 | D:6      | Gained mutation: You are partially covered in iridescent
                  | scales. (AC +2) [potion of mutation]
  7329 | D:6      | Gained mutation: You have a pair of small antennae on your
                  | head. [potion of mutation]
  7390 | D:6      | Found a staircase to the Ecumenical Temple.
  7400 | Temple   | Entered the Ecumenical Temple
  7441 | D:6      | Reached XP level 9. HP: 65/65 MP: 0/0
  7441 | D:6      | Learned a level 3 spell: Inner Flame
  7464 | D:6      | Noticed Maggie
  7471 | D:6      | Killed Maggie
  8284 | D:6      | Reached skill level 7 in Spellcasting
  9012 | D:7      | Reached *** piety under Dithmenos
  9282 | D:7      | Noticed Pikel
  9295 | D:7      | Killed Pikel
  9296 | D:7      | Reached XP level 10. HP: 65/73 MP: 0/0
  9474 | D:7      | Reached skill level 5 in Evocations
  9789 | D:8      | Noticed a two-headed ogre
  9811 | D:8      | Killed a two-headed ogre
  9812 | D:8      | Reached skill level 8 in Spellcasting
  9966 | D:8      | Noticed a two-headed ogre
  9976 | D:8      | Killed a two-headed ogre
 10072 | D:8      | Reached skill level 5 in Staves
 10308 | D:8      | Found a white marble altar of Elyvilon.
 10742 | D:9      | Reached XP level 11. HP: 54/80 MP: 0/0
 10742 | D:9      | Learned a level 4 spell: Cause Fear
 10746 | D:9      | Reached skill level 9 in Spellcasting
 11555 | D:9      | Found a large runed translucent door.
 11559 | D:9      | Found a large runed translucent door.
 12438 | D:9      | Found a sparkling altar of Nemelex Xobeh.
 12511 | D:9      | Found a shimmering altar of Xom.
 12516 | D:9      | Found a broken altar of Ashenzari.
 12568 | D:10     | Entered Level 10 of the Dungeon
 12575 | D:10     | Noticed a two-headed ogre
 12578 | D:10     | Reached **** piety under Dithmenos
 12588 | D:10     | Found an iron altar of Okawaru.
 12588 | D:10     | Killed a two-headed ogre
 12911 | D:10     | Noticed Erica
 12924 | D:10     | Killed Erica
 13162 | D:10     | HP: 2/82 [gargoyle/stone arrow (9)]
 13165 | D:10     | Reached skill level 10 in Spellcasting
 13165 | D:10     | Noticed a two-headed ogre
 13482 | D:10     | Found a snail-covered altar of Cheibriados.
 13492 | D:10     | Found a staircase to the Lair.
 13503 | D:10     | Found Lehuf's Magic Scroll Shoppe.
 13569 | D:10     | Bought a scroll of blinking for 105 gold pieces
 13602 | D:10     | Noticed Lodul
 13613 | D:10     | Killed Lodul
 13881 | D:10     | Found a staircase to the Orcish Mines.
 14137 | D:10     | Killed a two-headed ogre
 14138 | D:10     | Reached XP level 12. HP: 80/89 MP: 0/0
 14896 | D:11     | Reached ***** piety under Dithmenos
 15181 | D:11     | Found a sacrificial altar of Ru.
 15196 | D:11     | You are sucked into a shaft and drop 3 floors!
 15684 | D:12     | Noticed Urug
 15695 | D:12     | Noticed a boulder beetle
 15700 | D:12     | Killed Urug
 15711 | D:12     | Killed a boulder beetle
 15712 | D:12     | Noticed a deep elf knight
 15725 | D:12     | Reached skill level 11 in Spellcasting
 15730 | D:12     | Killed a deep elf knight
 15910 | D:12     | Noticed a boulder beetle
 15925 | D:12     | Killed a boulder beetle
 16222 | D:12     | Identified the +2 halberd "Umotopt" {vorpal, SInv}
 16428 | D:11     | Demolished by a very large slime creature

Illustrated notes

Levels and vault maps discovered:
D:1:      saegor_arrival_miasma, layout_basic
D:2:      layout_basic, serial_shops, nicolae_shop_behind_doors
D:3:      layout_rooms, hellmonk_ecumenical_altar_prayer_group,
          minmay_statues_item
D:4:      layout_basic, amethyst_overflow_temple_binary, lemuel_tele_altar,
          serial_glass, glass_columns_a, glass_columns_a,
          dreamdust_princess_bridge, uniq_crazy_yiuf_cottage
D:5:      layout_loops_ring, mainiacjoe_overflow_alcove_1,
          lemuel_blue_sif_altar, lightli_sewer_entry_pipes, uniq_edmund
D:6:      layout_basic, minmay_temple_entry_overgrown, minmay_mini_ossuary,
          uniq_maggie
D:7:      layout_gridville, hangedman_decor_lopped,
          nicolae_concentric_dashed_squares_wild, uniq_pikel
D:8:      layout_gridville, mainiacjoe_overflow_24_doors, lemuel_flame_loot_1
D:9:      layout_layer_cave, jmf_multi_god_temple2,
          nemelex_diamond_rough_becter, kennysheep_generic_room_13
D:10:     layout_roguey, okawaru_gym_becter, overflow_temple_1_default,
          dpeg_oklobed_lair, minmay_orc_entry_temple_small, serial_shops,
          shop_statue, uniq_erica, uniq_lodul
D:11:     layout_cross, nicolae_ru_sacrificial_ziggurat
D:12:     minmay_ambush_box, layout_gridville, serial_shops,
          nicolae_square_shop, drop_trap, uniq_urug
D:13:     layout_basic
D:14:     layout_rooms, lightli_vaults_fourway_checkpoint,
          infiniplex_staircase_hallway_doors, minivault_14,
          dancing_weapons_uskayaw, uniq_azrael
Temple:   nicolae_temple_bog_church

Skill      XL: |  1  2  3  4  5  6  7  8  9 10 11 12 |
---------------+-------------------------------------+-----
Fighting       | 1 2 3 4 5 6 7 9 |  9.9
Spellcasting   | 3 4 5 6 7 8 10 11 | 11.1
Evocations     | 1 3 4 5 6 |  6.2
Staves         | 1 3 5 6 7 |  7.8
Dodging        | |  2.1
Stealth        | |  1.5
Shields        | |  0.1

Action                   |  1- 3 |  4- 6 |  7- 9 | 10-12 || total
-------------------------+-------+-------+-------+-------++-------
Melee: Unarmed           |     1 |       |       |       ||     1
       Short sword       |     2 |       |       |       ||     2
       Dagger            |       |    63 |    29 |       ||    92
       Staff             |       |       |   290 |   259 ||   549
       Punch             |       |       |     7 |     2 ||     9
 Cast: Sting             |    38 |    41 |    10 |       ||    89
       Necrotise         |    29 |     2 |    19 |     3 ||    53
       Poisonous Vapours |     3 |    12 |    22 |    30 ||    67
       Mephitic Cloud    |       |     5 |    15 |    30 ||    50
       Olgreb's Toxic Ra |       |     1 |     8 |    17 ||    26
       Blink             |       |       |     2 |       ||     2
       Wereblood         |       |       |     1 |     1 ||     2
       Inner Flame       |       |       |     3 |    40 ||    43
       Cause Fear        |       |       |       |     2 ||     2
Evoke: Wand              |       |       |       |     5 ||     5
  Use: Scroll            |       |       |    16 |     5 ||    21
       Potion            |       |       |     2 |     1 ||     3
 Stab: Confused          |       |     2 |    11 |     6 ||    19
       Sleeping          |       |       |     6 |     1 ||     7
       Distracted        |       |       |     1 |       ||     1
Armor: Robe              |     2 |    13 |       |       ||    15
       Leather armour    |       |    12 |    92 |       ||   104
       Acid dragon scale |       |       |    68 |   158 ||   226
Dodge: Dodged            |    12 |    59 |   212 |   191 ||   474

Table legend: (Time is in decaauts)
 A = Elapsed time spent in this place.
 B = Non-inter-level travel time spent in this place.
 C = Inter-level travel time spent in this place.
 D = Time resting spent in this place.
 E = Time spent auto-exploring this place.
 F = Levels seen in this place.
 G = Mean time per level.
                   A        B        C        D        E       F      G
               +--------+--------+--------+--------+--------+-----+--------+
         Total |  16446 |  16074 |    372 |   2701 |  10470 |  16 | 1027.9 |
       Dungeon |  15742 |  15378 |    364 |   2544 |  10112 |  14 | 1124.4 |
        Temple |     19 |     11 |      8 |      0 |      8 |   1 |   19.0 |
         Sewer |    684 |    684 |      0 |    157 |    350 |   1 |  684.0 |
               +--------+--------+--------+--------+--------+-----+--------+

Top non-repeatable levels by time:
     D:9: 2419 daAuts
     D:4: 1746 daAuts
    D:10: 1713 daAuts
     D:1: 1526 daAuts
     D:3: 1376 daAuts
     D:6: 1325 daAuts
     D:5: 1192 daAuts
     D:7: 1115 daAuts
     D:8: 934 daAuts
     D:2: 816 daAuts
   Sewer: 684 daAuts
    D:12: 675 daAuts
    D:11: 514 daAuts
    D:13: 341 daAuts
    D:14: 43 daAuts
